[Event "7th Washington Open 2018"]
[Site "Rockville"]
[Date "2018.08.11"]
[Round "2.2"]
[White "Baryshpolets, Andrey"]
[Black "Henderson de la Fuente, Lance"]
[Result "1/2-1/2"]
[ECO "E20"]
[WhiteElo "2609"]
[BlackElo "2485"]
[Annotator "ChessBase"]
[PlyCount "142"]
[EventDate "2018.08.11"]
[EventType "swiss"]
[EventCountry "USA"]
[SourceTitle "playchess.com"]
[Source "ChessBase"]
[SourceQuality "1"]
[TimeControl "40/5400+30:1200+30"]

1. d4 Nf6 2. c4 e6 3. Nc3 Bb4 4. g3 d5 5. Bg2 O-O 6. Nf3 dxc4 7. O-O Nc6 8. Qa4 Bd7 9. Rd1 Bxc3 10. bxc3 Nxd4 11. Qxc4 Nxf3+ 12. Bxf3 Qc8 13. Qc5 Re8 14. Bg5 Nd5 15. e4 Nb6 16. e5 Bc6 17. Bxc6 bxc6 18. Qxc6 h6 19. Be3 Nd5 20. Bd4 a5 21. c4 Nb4 22. Qa4 c5 23. Bc3 Qc6 24. Qxc6 Nxc6 25. Rd6 Rec8 26. Rb1 Nb4 27. a3 Nc2 28. Rc1 Nd4 29. Bxd4 cxd4 30. c5 Kf8 31. Rxd4 Rab8 32. a4 Ke8 33. Kf1 Rc7 34. c6 Rb6 35. Rdc4 Ke7 36. Ke2 f6 37. f4 Kf7 38. Ke3 fxe5 39. fxe5 h5 40. Rc5 Ra6 41. Kd4 Kg6 42. h3 Kf5 43. R1c3 Kg6 44. Rb5 Raxc6 45. Rxc6 Rxc6 46. Rxa5 Rc1 47. Rc5 Ra1 48. a5 Ra3 49. Kc4 Rxg3 50. a6 Ra3 51. Kb5 Rxh3 52. Kb6 Rf3 53. a7 Rf8 54. Kb7 h4 55. Rc8 Rf7+ 56. Rc7 Rf8 57. Rc4 Kf5 58. Rc8 Rf7+ 59. Rc7 Rf8 60. Rc8 Rf7+ 61. Rc7 Rf8 62. Rxg7 Kxe5 63. Rg4 Kd5 64. Rxh4 e5 65. Ra4 e4 66. a8=Q Rxa8 67. Rxa8 e3 68. Kb6 Kd4 69. Re8 Kd3 70. Kc5 e2 71. Rxe2 Kxe2 1/2-1/2

[Event "7th Washington Open 2018"]
[Site "Rockville"]
[Date "2018.08.11"]
[Round "2.3"]
[White "Vazquez, Guillermo"]
[Black "Stukopin, Andrey"]
[Result "1/2-1/2"]
[ECO "D30"]
[WhiteElo "2443"]
[BlackElo "2598"]
[Annotator "ChessBase"]
[PlyCount "29"]
[EventDate "2018.08.11"]
[EventType "swiss"]
[EventCountry "USA"]
[SourceTitle "playchess.com"]
[Source "ChessBase"]
[SourceQuality "1"]
[TimeControl "40/5400+30:1200+30"]

1. d4 d5 2. c4 c6 3. Nf3 Nf6 4. e3 e6 5. b3 Ne4 6. Bd3 f5 7. O-O Bd6 8. Bb2 Nd7 9. Nbd2 b6 10. cxd5 cxd5 11. Ne5 O-O 12. Rc1 Nxe5 13. dxe5 Bc5 14. Nf3 a5 15. Nd4 1/2-1/2

[Event "7th Washington Open 2018"]
[Site "Rockville"]
[Date "2018.08.11"]
[Round "2.4"]
[White "Dragun, Kamil"]
[Black "Jacobson, Brandon"]
[Result "1/2-1/2"]
[ECO "B31"]
[WhiteElo "2594"]
[BlackElo "2472"]
[Annotator "ChessBase"]
[PlyCount "53"]
[EventDate "2018.08.11"]
[EventType "swiss"]
[EventCountry "USA"]
[SourceTitle "playchess.com"]
[Source "ChessBase"]
[SourceQuality "1"]
[TimeControl "40/5400+30:1200+30"]

1. e4 c5 2. Nf3 Nc6 3. Bb5 g6 4. O-O Bg7 5. Re1 Nf6 6. e5 Nd5 7. Nc3 Nc7 8. Bxc6 dxc6 9. Ne4 b6 10. Nf6+ Kf8 11. Ne4 Bg4 12. d3 Ne6 13. Neg5 Nxg5 14. Bxg5 Qd5 15. Re4 Bf5 16. Re3 Bg4 17. Bf4 Bxf3 18. Qxf3 Qxf3 19. Rxf3 f5 20. exf6 exf6 21. Re1 Kf7 22. Rfe3 Rhe8 23. Rxe8 Rxe8 24. Rxe8 Kxe8 25. a4 Kd7 26. b3 Bf8 27. Kf1 1/2-1/2

[Event "7th Washington Open 2018"]
[Site "Rockville"]
[Date "2018.08.11"]
[Round "2.5"]
[White "Postny, Evgeny"]
[Black "Balakrishnan, Praveen"]
[Result "1/2-1/2"]
[ECO "E06"]
[WhiteElo "2586"]
[BlackElo "2417"]
[Annotator "ChessBase"]
[PlyCount "42"]
[EventDate "2018.08.11"]
[EventType "swiss"]
[EventCountry "USA"]
[SourceTitle "playchess.com"]
[Source "ChessBase"]
[SourceQuality "1"]
[TimeControl "40/5400+30:1200+30"]

1. d4 d5 2. c4 e6 3. Nf3 Nf6 4. Nc3 Be7 5. g3 O-O 6. Bg2 dxc4 7. Ne5 c5 8. dxc5 Qxd1+ 9. Nxd1 Bxc5 10. O-O Nd5 11. Nxc4 Nc6 12. Nc3 Nd4 13. Nxd5 Nxe2+ 14. Kh1 exd5 15. Bxd5 Rd8 16. Bg2 Be6 17. Be3 Rac8 18. Bxc5 Rxc5 19. Rfd1 Rxd1+ 20. Rxd1 Kf8 21. Ne3 Rc1 1/2-1/2

[Event "7th Washington Open 2018"]
[Site "Rockville"]
[Date "2018.08.11"]
[Round "2.6"]
[White "Lee, Michael"]
[Black "Azarov, Sergei Nikolaevich"]
[Result "0-1"]
[ECO "D25"]
[WhiteElo "2408"]
[BlackElo "2574"]
[Annotator "ChessBase"]
[PlyCount "82"]
[EventDate "2018.08.11"]
[EventType "swiss"]
[EventCountry "USA"]
[SourceTitle "playchess.com"]
[Source "ChessBase"]
[SourceQuality "1"]
[TimeControl "40/5400+30:1200+30"]

1. Nf3 d5 2. d4 Nf6 3. c4 dxc4 4. e3 b5 5. a4 b4 6. Nbd2 c3 7. bxc3 bxc3 8. Nb1 e6 9. Nxc3 Bb4 10. Qb3 a5 11. Ba3 Nd5 12. Bxb4 Nxb4 13. Bb5+ c6 14. Bc4 O-O 15. O-O Nd7 16. Rfd1 Bb7 17. e4 Qe7 18. e5 Rab8 19. Rac1 c5 20. d5 Nxe5 21. Nxe5 exd5 22. Bxd5 Qxe5 23. Bxb7 Rxb7 24. Qc4 Re7 25. Nd5 Re6 26. Ne3 Rc8 27. Rd7 Re7 28. Rd2 h6 29. h3 Qg5 30. Rcd1 Rce8 31. Qb5 Re6 32. Qxa5 Nc6 33. Qc3 Nd4 34. Kh1 f5 35. Qxc5 Nb3 36. Qd5 Nxd2 37. Rxd2 Kh8 38. Qf3 f4 39. Nd5 Rd6 40. Rd3 Rf8 41. Qe4 f3 0-1

[Event "7th Washington Open 2018"]
[Site "Rockville"]
[Date "2018.08.11"]
[Round "2.7"]
[White "Gabuzyan, Hovhannes"]
[Black "Wang, Kevin"]
[Result "1-0"]
[ECO "C00"]
[WhiteElo "2556"]
[BlackElo "2414"]
[Annotator "ChessBase"]
[PlyCount "73"]
[EventDate "2018.08.11"]
[EventType "swiss"]
[EventCountry "USA"]
[SourceTitle "playchess.com"]
[Source "ChessBase"]
[SourceQuality "1"]
[TimeControl "40/5400+30:1200+30"]

1. Nf3 d5 2. g3 Nf6 3. Bg2 e6 4. O-O Be7 5. d3 O-O 6. Nbd2 c5 7. Re1 Nc6 8. e4 b5 9. a4 b4 10. exd5 exd5 11. d4 Bf5 12. dxc5 Bxc5 13. Nb3 Bb6 14. Be3 Rc8 15. Nfd4 Nxd4 16. Nxd4 Be4 17. a5 Bxd4 18. Qxd4 a6 19. Qxb4 Bxg2 20. Kxg2 Rxc2 21. Rac1 Rc4 22. Qb6 Qa8 23. Qa7 Qc6 24. b3 Rc3 25. Qd4 Rc2 26. Qb6 Qc3 27. Bd4 Qd2 28. Rcd1 Qg5 29. Qxa6 Ne4 30. Qd3 Ra2 31. b4 Rb8 32. Be3 Qf6 33. Qxd5 Nc3 34. Qd6 Qxd6 35. Rxd6 h6 36. Rc1 Na4 37. a6 1-0

[Event "7th Washington Open 2018"]
[Site "Rockville"]
[Date "2018.08.11"]
[Round "2.8"]
[White "Brodsky, David"]
[Black "Becerra Rivero, Julio"]
[Result "1/2-1/2"]
[ECO "B38"]
[WhiteElo "2402"]
[BlackElo "2529"]
[Annotator "ChessBase"]
[PlyCount "118"]
[EventDate "2018.08.11"]
[EventType "swiss"]
[EventCountry "USA"]
[SourceTitle "playchess.com"]
[Source "ChessBase"]
[SourceQuality "1"]
[TimeControl "40/5400+30:1200+30"]

1. e4 c5 2. Nf3 Nc6 3. d4 cxd4 4. Nxd4 g6 5. c4 Bg7 6. Be3 Nf6 7. Nc3 d6 8. Be2 O-O 9. O-O Bd7 10. Nb3 a5 11. Rc1 a4 12. Na1 a3 13. b3 Qa5 14. Bd2 Nd4 15. Nd5 Qd8 16. Nxf6+ Bxf6 17. Bc3 Qb6 18. Bd3 Bg7 19. Nc2 Nf3+ 20. Qxf3 Bxc3 21. Ne3 Bd4 22. Nd5 Qd8 23. Nc3 Bc6 24. Qe2 e6 25. Nb5 Bb2 26. Rcd1 Qe7 27. Qe3 Rfd8 28. Be2 Rac8 29. Na7 Rc7 30. Nxc6 bxc6 31. b4 Rb8 32. b5 e5 33. Qd3 cxb5 34. cxb5 Rb6 35. Qe3 Rc5 36. Rd5 Rxd5 37. Qxb6 Rd2 38. Bc4 Bd4 39. Qa5 Rc2 40. Qa4 Rc3 41. Bb3 Qa7 42. Qxa7 Bxa7 43. Rb1 Kf8 44. Kf1 Bb6 45. Ke2 Ke7 46. Bd1 f5 47. Rb3 Rxb3 48. Bxb3 fxe4 49. Bd5 Kf6 50. Bxe4 Ke6 51. f3 d5 52. Bc2 Kd6 53. Kd3 Kc5 54. Bb3 g5 55. g4 h6 56. h3 Ba5 57. Ba4 Kb4 58. Bb3 Kc5 59. Ba4 Kb4 1/2-1/2

[Event "7th Washington Open 2018"]
[Site "Rockville"]
[Date "2018.08.11"]
[Round "2.9"]
[White "Macieja, Bartlomiej"]
[Black "Gerzhoy, Leonid"]
[Result "1-0"]
[ECO "A55"]
[WhiteElo "2528"]
[BlackElo "2407"]
[Annotator "ChessBase"]
[PlyCount "57"]
[EventDate "2018.08.11"]
[EventType "swiss"]
[EventCountry "USA"]
[SourceTitle "playchess.com"]
[Source "ChessBase"]
[SourceQuality "1"]
[TimeControl "40/5400+30:1200+30"]

1. Nf3 Nf6 2. c4 d6 3. d4 Nbd7 4. Nc3 e5 5. e4 Be7 6. Be2 O-O 7. O-O c6 8. Re1 a6 9. a3 b5 10. d5 cxd5 11. cxd5 Nb6 12. b3 Qc7 13. Bd2 Bd7 14. Bd3 Rac8 15. Qe2 Qb8 16. Na2 Rc7 17. Nb4 Qb7 18. a4 bxa4 19. Nxa6 Rcc8 20. Reb1 axb3 21. Rxb3 Bg4 22. Rab1 Nfd7 23. h3 Bxf3 24. Qxf3 Bd8 25. Be3 g6 26. Qe2 f5 27. exf5 gxf5 28. Bxf5 Rxf5 29. Qg4+ 1-0

[Event "7th Washington Open 2018"]
[Site "Rockville"]
[Date "2018.08.12"]
[Round "3.1"]
[White "Azarov, Sergei Nikolaevich"]
[Black "Chandra, Akshat"]
[Result "1/2-1/2"]
[ECO "C67"]
[WhiteElo "2574"]
[BlackElo "2487"]
[Annotator "ChessBase"]
[PlyCount "66"]
[EventDate "2018.08.11"]
[EventType "swiss"]
[EventCountry "USA"]
[SourceTitle "playchess.com"]
[Source "ChessBase"]
[SourceQuality "1"]
[TimeControl "40/5400+30:1200+30"]

1. e4 e5 2. Nf3 Nc6 3. Bb5 Nf6 4. O-O Nxe4 5. d4 Nd6 6. Bxc6 dxc6 7. dxe5 Nf5 8. Qxd8+ Kxd8 9. h3 Bd7 10. Rd1 Be7 11. Nc3 Kc8 12. Bg5 h6 13. Bxe7 Nxe7 14. Rd2 c5 15. Rad1 Be6 16. Ne2 Nc6 17. a3 g5 18. g4 h5 19. Nxg5 hxg4 20. Nf4 gxh3 21. Nfxe6 fxe6 22. f4 b6 23. Nxe6 Rh6 24. Nxc7 Kxc7 25. Rd7+ Kc8 26. Rf7 Rb8 27. Rdd7 b5 28. Rc7+ Kd8 29. Rfd7+ Ke8 30. Rg7 Kf8 31. Rcf7+ Ke8 32. Rc7 Kf8 33. Rcf7+ Ke8 1/2-1/2

[Event "7th Washington Open 2018"]
[Site "Rockville"]
[Date "2018.08.12"]
[Round "3.2"]
[White "Popilski, Gil"]
[Black "Gabuzyan, Hovhannes"]
[Result "0-1"]
[ECO "E73"]
[WhiteElo "2491"]
[BlackElo "2556"]
[Annotator "ChessBase"]
[PlyCount "68"]
[EventDate "2018.08.11"]
[EventType "swiss"]
[EventCountry "USA"]
[SourceTitle "playchess.com"]
[Source "ChessBase"]
[SourceQuality "1"]
[TimeControl "40/5400+30:1200+30"]

1. d4 Nf6 2. c4 g6 3. Nc3 Bg7 4. e4 d6 5. Be2 O-O 6. Bg5 Nbd7 7. Qd2 e5 8. d5 a5 9. Bd1 Nc5 10. Bc2 c6 11. Nge2 cxd5 12. exd5 Bd7 13. Ng3 Qb6 14. Rb1 Ng4 15. h3 f6 16. hxg4 fxg5 17. f3 e4 18. Ngxe4 Rae8 19. Kd1 Rf4 20. Re1 Be5 21. b3 Rc8 22. Nxc5 Qxc5 23. Ne4 Qa3 24. Bd3 a4 25. b4 h5 26. gxh5 g4 27. Bf1 gxf3 28. Re3 Bg4 29. Rxa3 fxg2+ 30. Kc2 g1=Q 31. Rg3 Qh1 32. Bd3 Qxe4 33. Bxe4 Rxc4+ 34. Kd3 Rd4+ 0-1

[Event "7th Washington Open 2018"]
[Site "Rockville"]
[Date "2018.08.12"]
[Round "3.3"]
[White "Panchanathan, Magesh Chandran"]
[Black "Macieja, Bartlomiej"]
[Result "1-0"]
[ECO "A11"]
[WhiteElo "2486"]
[BlackElo "2528"]
[Annotator "RC"]
[PlyCount "165"]
[EventDate "2018.08.11"]
[EventType "swiss"]
[EventCountry "USA"]
[SourceTitle "playchess.com"]
[Source "ChessBase"]
[SourceQuality "1"]
[TimeControl "40/5400+30:1200+30"]

1. Nf3 d5 2. g3 c6 3. Bg2 Bf5 4. O-O e6 5. d3 Nf6 6. c4 dxc4 7. dxc4 Qxd1 8. Rxd1 Bc2 9. Rf1 a5 10. Nc3 a4 11. Ne1 Bg6 12. Nd3 Nbd7 13. Be3 Bd6 14. Rfd1 Ke7 15. h3 h6 16. a3 Ra5 17. Rac1 Rha8 18. Rd2 Nc5 19. Bxc5 Bxc5 20. Nxa4 Bxf2+ 21. Kxf2 Rxa4 22. Nc5 R4a7 23. Ke3 Rd8 24. Rcd1 Rxd2 25. Rxd2 e5 26. g4 b6 27. Nd3 Bxd3 28. Rxd3 Rc7 29. Rb3 Nd7 30. Rb4 Kd6 31. Ra4 Nc5 32. Ra8 Ne6 33. Be4 Ng5 34. Rb8 Nxe4 35. Kxe4 Kc5 36. Kd3 e4+ 37. Kc3 b5 38. Re8 bxc4 39. Re5+ Kb6 40. Rxe4 Rd7 41. Rxc4 Rd1 42. Rb4+ Kc5 43. Rf4 Rh1 44. Rf5+ Kb6 45. Rf3 f6 46. b3 Kc5 47. Kd2 Ra1 48. Rc3+ Kd4 49. e3+ Kd5 50. b4 Ra2+ 51. Kd3 Kd6 52. e4 Kc7 53. Kd4 Rd2+ 54. Ke3 Ra2 55. Kf4 Rf2+ 56. Rf3 g5+ 57. Ke3 Rh2 58. Kd4 Rd2+ 59. Kc4 Rc2+ 60. Rc3 Re2 61. Kd4 Rd2+ 62. Rd3 Rf2 63. Re3 Kb6 64. a4 Rd2+ 65. Kc4 Rc2+ 66. Rc3 Re2 67. a5+ Kb7 68. Kd4 Rb2 69. Kc5 Re2 70. Rf3 Rc2+ 71. Kd6 Rd2+ 72. Ke6 Rd4 73. Kxf6 Rxe4 74. Kg6 Rxb4 75. Kxh6 Rb5 76. Rf5 Rb3 77. Kxg5 Rxh3 78. Kf6 Rh6+ 79. Kg7 Rd6 80. g5 Rd5 81. Kf6 Rd6+ 82. Kf7 Rd7+ 83. Ke6 1-0

[Event "7th Washington Open 2018"]
[Site "Rockville"]
[Date "2018.08.12"]
[Round "4.3"]
[White "Postny, Evgeny"]
[Black "Chandra, Akshat"]
[Result "1-0"]
[ECO "D38"]
[WhiteElo "2586"]
[BlackElo "2487"]
[Annotator "RC"]
[PlyCount "97"]
[EventDate "2018.08.11"]
[EventType "swiss"]
[EventCountry "USA"]
[SourceTitle "playchess.com"]
[Source "ChessBase"]
[SourceQuality "1"]
[TimeControl "40/5400+30:1200+30"]

1. Nf3 d5 2. d4 Nf6 3. c4 e6 4. Bg5 Bb4+ 5. Nc3 h6 6. Bxf6 Qxf6 7. e3 O-O 8. Rc1 dxc4 9. Bxc4 c5 10. O-O cxd4 11. Ne4 Qe7 12. Nxd4 Bd7 13. Qh5 Nc6 14. Nb3 f5 15. Nec5 Be8 16. Qf3 Bf7 17. Bb5 Rac8 18. Nd3 Bd6 19. Bxc6 bxc6 20. Nbc5 Qg5 21. Qe2 e5 22. Nxe5 Bxe5 23. f4 Bxf4 24. exf4 Qf6 25. Qf2 Rfd8 26. Rfd1 Rxd1+ 27. Rxd1 Rd8 28. Rxd8+ Qxd8 29. h3 Bxa2 30. Kh2 Bd5 31. Qe3 Kh7 32. Qe5 Qf8 33. Nd3 Qf7 34. Qe3 Qg6 35. Qf2 a5 36. Ne5 Qd6 37. Qb6 a4 38. Qd4 a3 39. bxa3 Qxa3 40. Qd2 Be4 41. h4 Qe7 42. Kg3 c5 43. h5 Qc7 44. Qa2 c4 45. Qa6 Bd5 46. Qg6+ Kg8 47. Qe8+ Kh7 48. Ng6 Bg8 49. Ne7 1-0

[Event "7th Washington Open 2018"]
[Site "Rockville"]
[Date "2018.08.12"]
[Round "4.6"]
[White "Henderson de la Fuente, Lance"]
[Black "Stukopin, Andrey"]
[Result "0-1"]
[ECO "B47"]
[WhiteElo "2485"]
[BlackElo "2598"]
[Annotator "RC"]
[PlyCount "112"]
[EventDate "2018.08.11"]
[EventType "swiss"]
[EventCountry "USA"]
[SourceTitle "playchess.com"]
[Source "ChessBase"]
[SourceQuality "1"]
[TimeControl "40/5400+30:1200+30"]

1. e4 c5 2. Nf3 e6 3. d4 cxd4 4. Nxd4 Nc6 5. Nc3 Qc7 6. g3 a6 7. Bg2 d6 8. Nxc6 bxc6 9. O-O Nf6 10. Re1 e5 11. Na4 Be7 12. c4 O-O 13. b3 Bg4 14. Qc2 Nd7 15. Be3 a5 16. c5 Nxc5 17. Nxc5 dxc5 18. Bxc5 Bxc5 19. Qxc5 Rfd8 20. Rec1 Rd2 21. Bf1 Rad8 22. h3 Be6 23. Qxc6 Qxc6 24. Rxc6 g6 25. Ra6 Rc2 26. Rxa5 Rdd2 27. Ra8+ Kg7 28. a4 Rxf2 29. a5 Rf3 30. g4 Rxb3 31. a6 Bd7 32. Rd8 Rg3+ 33. Kh1 Bc6 34. Re1 f5 35. gxf5 gxf5 36. Rd3 Rxd3 37. Bxd3 Rc3 38. Bb1 Ra3 39. Kh2 f4 40. Rd1 Rxa6 41. Rd6 Bb5 42. Rd5 Rb6 43. Rxe5 Bc4 44. Bc2 Rb2 45. Rg5+ Kh6 46. Rg2 f3 47. Rf2 Bb3 48. Bxb3 Rxf2+ 49. Kg3 Rb2 50. Bc4 f2 51. Kg2 Kg5 52. e5 Kf4 53. e6 Ke3 54. e7 Rb8 55. Bb5 Rg8+ 56. Kh2 Kd2 0-1

[Event "7th Washington Open 2018"]
[Site "Rockville"]
[Date "2018.08.12"]
[Round "4.7"]
[White "Dragun, Kamil"]
[Black "Wang, Kevin"]
[Result "1/2-1/2"]
[ECO "A13"]
[WhiteElo "2594"]
[BlackElo "2414"]
[Annotator "RC"]
[PlyCount "100"]
[EventDate "2018.08.11"]
[EventType "swiss"]
[EventCountry "USA"]
[SourceTitle "playchess.com"]
[Source "ChessBase"]
[SourceQuality "1"]
[TimeControl "40/5400+30:1200+30"]

1. c4 e6 2. g3 d5 3. Bg2 Nf6 4. Nf3 dxc4 5. Qa4+ Bd7 6. Qxc4 c5 7. Ne5 Qc8 8. O-O Nc6 9. Nxd7 Qxd7 10. Qa4 Rc8 11. Nc3 b6 12. Qd1 Be7 13. b3 O-O 14. d3 Rfd8 15. Bb2 Ne8 16. Qd2 Bf6 17. Rfd1 Nd6 18. e3 b5 19. Rac1 a6 20. Ne2 Bxb2 21. Qxb2 Qa7 22. Nf4 Ne7 23. Nh5 Ne8 24. Nf4 Nf6 25. Rd2 Ned5 26. Ne2 Rc7 27. a3 h6 28. h3 a5 29. e4 Nb6 30. Nc3 Qa6 31. e5 Nfd5 32. Ne4 Nd7 33. d4 cxd4 34. Rxc7 Nxc7 35. Qxd4 Nd5 36. Rc2 Rc8 37. Rxc8+ Qxc8 38. Nd6 Qc1+ 39. Kh2 Qc6 40. Qc5 Nxc5 41. Bxd5 exd5 42. Nxb5 Nxb3 43. Kg2 Nd2 44. f4 Kf8 45. Kf2 Ne4+ 46. Kf3 Ke7 47. Nd4 a4 48. f5 Nd2+ 49. Kf4 Nc4 50. Nb5 g5+ 1/2-1/2

[Event "7th Washington Open 2018"]
[Site "Rockville"]
[Date "2018.08.12"]
[Round "4.9"]
[White "Thavandiran, Shiyam"]
[Black "Friedel, Joshua E"]
[Result "1/2-1/2"]
[ECO "C49"]
[WhiteElo "2417"]
[BlackElo "2547"]
[Annotator "ChessBase"]
[PlyCount "149"]
[EventDate "2018.08.11"]
[EventType "swiss"]
[EventCountry "USA"]
[SourceTitle "playchess.com"]
[Source "ChessBase"]
[SourceQuality "1"]
[TimeControl "40/5400+30:1200+30"]

1. e4 e5 2. Nf3 Nc6 3. Nc3 Nf6 4. Bb5 Bb4 5. O-O O-O 6. d3 Bxc3 7. bxc3 d6 8. Bg5 Bd7 9. Rb1 a6 10. Bxc6 Bxc6 11. Nd2 h6 12. Bh4 b5 13. Re1 g5 14. Bg3 Ne8 15. d4 f6 16. Nf1 Ng7 17. Qd3 Qe8 18. f3 Qf7 19. Ne3 Rad8 20. a4 Ra8 21. axb5 Bxb5 22. c4 Bd7 23. c3 f5 24. exf5 exd4 25. Qxd4 Nxf5 26. Nxf5 Bxf5 27. Ra1 a5 28. c5 Ra6 29. c4 dxc5 30. Qxc5 Be6 31. Rxa5 Rxa5 32. Qxa5 Bxc4 33. h4 gxh4 34. Bxh4 c6 35. Re7 Qg6 36. Re4 Be6 37. Qe5 Bf5 38. Re3 Bd7 39. Qd4 Re8 40. Qc4+ Qf7 41. Rxe8+ Bxe8 42. Qg4+ Qg6 43. Qd4 Qf5 44. Be1 c5 45. Qe3 Qf8 46. Bc3 Kh7 47. Bb2 Bg6 48. Ba3 Qe8 49. Qc3 c4 50. Bb2 Qg8 51. Kf2 Bf7 52. Qf6 Bg6 53. f4 Bf7 54. g4 Be6 55. f5 Bf7 56. Qe5 Qf8 57. Kg3 Qg8 58. Kf2 Qf8 59. Bd4 Be8 60. Ke2 Bf7 61. Kd1 Be8 62. Ke2 Bf7 63. Kf2 Be8 64. Kg3 Bf7 65. Qf6 Qg8 66. Kf4 Qb8+ 67. Be5 Qg8 68. Qh4 c3 69. Bxc3 Qb8+ 70. Ke3 Qb6+ 71. Bd4 Qb3+ 72. Kf4 Qb8+ 73. Ke3 Qb3+ 74. Kf4 Qb8+ 75. Ke4 1/2-1/2

[Event "7th Washington Open 2018"]
[Site "Rockville"]
[Date "2018.08.13"]
[Round "6.2"]
[White "Macieja, Bartlomiej"]
[Black "Checa, Nicolas D"]
[Result "0-1"]
[ECO "A11"]
[WhiteElo "2528"]
[BlackElo "2478"]
[Annotator "RC"]
[PlyCount "114"]
[EventDate "2018.08.11"]
[EventType "swiss"]
[EventCountry "USA"]
[SourceTitle "playchess.com"]
[Source "ChessBase"]
[SourceQuality "1"]
[TimeControl "40/5400+30:1200+30"]

1. c4 c6 2. Nf3 d5 3. e3 Nf6 4. Nc3 a6 5. h3 g6 6. b3 Bg7 7. Bb2 O-O 8. Rc1 Ne4 9. Be2 e5 10. d3 Nxc3 11. Bxc3 Re8 12. O-O d4 13. exd4 exd4 14. Bd2 Nd7 15. Re1 a5 16. Bg5 Qc7 17. Qd2 Nc5 18. Bh6 Ne6 19. Bxg7 Kxg7 20. c5 Rd8 21. Ng5 Nxg5 22. Qxg5 Be6 23. Bg4 Rd5 24. Qh4 Bxg4 25. Qxg4 Rad8 26. Rc4 Re5 27. Kf1 Rxe1+ 28. Kxe1 Qh2 29. Kd2 h5 30. Qe4 Qg1 31. Qf3 Rd5 32. g4 hxg4 33. hxg4 Rg5 34. Rxd4 Qa1 35. Rd7 Qxa2+ 36. Ke1 Qxb3 37. Kf1 Rxc5 38. Qf4 Qe6 39. Qd4+ Qe5 40. Qxe5+ Rxe5 41. Rxb7 Kf6 42. Rc7 Rc5 43. Ke2 Ke6 44. Kd2 f5 45. d4 Rd5 46. gxf5+ Kxf5 47. Ke3 Rb5 48. Rxc6 a4 49. Kd3 Ra5 50. Kc2 g5 51. Kb2 Ke4 52. Rc4 a3+ 53. Ka2 Rd5 54. Rc8 Rxd4 55. Kxa3 Kf3 56. Rc2 g4 57. Kb3 Re4 0-1

[Event "7th Washington Open 2018"]
[Site "Rockville"]
[Date "2018.08.13"]
[Round "6.4"]
[White "Dragun, Kamil"]
[Black "Friedel, Joshua E"]
[Result "1-0"]
[ECO "D37"]
[WhiteElo "2594"]
[BlackElo "2547"]
[Annotator "ChessBase"]
[PlyCount "89"]
[EventDate "2018.08.11"]
[EventType "swiss"]
[EventCountry "USA"]
[SourceTitle "playchess.com"]
[Source "ChessBase"]
[SourceQuality "1"]
[TimeControl "40/5400+30:1200+30"]

1. d4 Nf6 2. c4 e6 3. Nf3 d5 4. Nc3 Be7 5. Bf4 O-O 6. Rc1 Nbd7 7. cxd5 exd5 8. e3 c6 9. h3 Ne4 10. Bd3 Ndf6 11. O-O Bf5 12. Ne5 Re8 13. Qc2 Bf8 14. a3 Bg6 15. Ne2 Nd7 16. Nxg6 hxg6 17. b4 Ng5 18. Qb3 a6 19. f3 Ne6 20. Bg3 Nf6 21. Bf2 Bd6 22. e4 dxe4 23. fxe4 Bb8 24. e5 Nd5 25. Be4 Ba7 26. Rcd1 Qd7 27. h4 Rad8 28. Qf3 Qe7 29. Bc2 Rd7 30. Rd3 Red8 31. Qg4 Ndc7 32. Rfd1 Nb5 33. Bb3 Nbc7 34. h5 gxh5 35. Qxh5 g6 36. Qg4 Qg5 37. Qxg5 Nxg5 38. Bh4 Nce6 39. Bxe6 Nxe6 40. Bxd8 Rxd8 41. g3 g5 42. Kg2 Rd5 43. Kf3 f5 44. exf6 Rf5+ 45. Kg4 1-0

[Event "7th Washington Open 2018"]
[Site "Rockville"]
[Date "2018.08.13"]
[Round "6.5"]
[White "Brodsky, David"]
[Black "Huschenbeth, Niclas"]
[Result "1/2-1/2"]
[ECO "B23"]
[WhiteElo "2402"]
[BlackElo "2590"]
[Annotator "ChessBase"]
[PlyCount "131"]
[EventDate "2018.08.11"]
[EventType "swiss"]
[EventCountry "USA"]
[SourceTitle "playchess.com"]
[Source "ChessBase"]
[SourceQuality "1"]
[TimeControl "40/5400+30:1200+30"]

1. e4 c5 2. Nc3 d6 3. d4 cxd4 4. Qxd4 Nc6 5. Qd2 g6 6. b3 Bh6 7. f4 Nf6 8. Bb2 O-O 9. O-O-O a5 10. a4 Be6 11. Nf3 Rc8 12. Ng5 Nb4 13. Nxe6 fxe6 14. Kb1 e5 15. g3 Qd7 16. h4 Qg4 17. Qe1 Rc5 18. Bh3 Qh5 19. fxe5 Rxe5 20. Nd5 Nbxd5 21. g4 Nxg4 22. Bxe5 Nde3 23. Bb2 Nxd1 24. Qxd1 Nf6 25. Be6+ Kh8 26. Qxh5 gxh5 27. Rf1 Bg7 28. Rf5 Ra8 29. e5 dxe5 30. Rxe5 Ne8 31. Rg5 h6 32. Rxh5 Bxb2 33. Kxb2 Kg7 34. Bd5 Ra7 35. Re5 b6 36. Re6 Nd6 37. h5 Rc7 38. Rg6+ Kh7 39. Bg8+ Kh8 40. Be6 Kh7 41. Bg8+ Kh8 42. Be6 Kh7 43. Bg4 Rc5 44. Re6 Nc8 45. Be2 Kg7 46. Rg6+ Kf8 47. Rxh6 Nd6 48. Rh8+ Kg7 49. Rb8 Re5 50. Bd3 Re6 51. Bg6 Nf7 52. Bxf7 Kxf7 53. Kc3 Kf6 54. b4 Rc6+ 55. Kb3 axb4 56. Kxb4 e5 57. Rf8+ Kg5 58. c4 e4 59. Kc3 Re6 60. Kd2 Rc6 61. Ke3 Rxc4 62. Rb8 Rxa4 63. Rxb6 Kxh5 64. Re6 Kg5 65. Rxe4 Rxe4+ 66. Kxe4 1/2-1/2

[Event "7th Washington Open 2018"]
[Site "Rockville"]
[Date "2018.08.13"]
[Round "6.6"]
[White "Tang, Andrew"]
[Black "Azarov, Sergei Nikolaevich"]
[Result "1/2-1/2"]
[ECO "B13"]
[WhiteElo "2490"]
[BlackElo "2574"]
[Annotator "ChessBase"]
[PlyCount "89"]
[EventDate "2018.08.11"]
[EventType "swiss"]
[EventCountry "USA"]
[SourceTitle "playchess.com"]
[Source "ChessBase"]
[SourceQuality "1"]
[TimeControl "40/5400+30:1200+30"]

1. d4 d5 2. Bf4 Nf6 3. e3 c5 4. Nc3 cxd4 5. exd4 a6 6. Nf3 Bg4 7. h3 Bxf3 8. Qxf3 Nc6 9. O-O-O e6 10. g4 Bd6 11. h4 Bxf4+ 12. Qxf4 Rc8 13. Kb1 Qc7 14. Qf3 Na5 15. Bd3 Nc4 16. Bxc4 Qxc4 17. Rd2 b5 18. g5 b4 19. gxf6 bxc3 20. b3 Qb4 21. fxg7 Rg8 22. Rd3 Rxg7 23. a3 Qxa3 24. Rxc3 Rxc3 25. Qxc3 Qd6 26. Qf3 Ke7 27. Kb2 Qb6 28. Qf4 h5 29. Rd1 a5 30. Qe5 Rg8 31. Qxh5 a4 32. Qf3 Qb4 33. Qe3 Rg4 34. h5 Re4 35. Qd3 Rh4 36. Qg3 Rxh5 37. Qc7+ Ke8 38. Qc6+ Ke7 39. Qxa4 Qxa4 40. bxa4 Kd6 41. Kb3 Rf5 42. Rd2 Kc6 43. Kb4 Kb6 44. c3 Rf3 45. Rb2 1/2-1/2

[Event "7th Washington Open 2018"]
[Site "Rockville"]
[Date "2018.08.13"]
[Round "6.7"]
[White "Gonzalez Vidal, Yuri"]
[Black "Becerra Rivero, Julio"]
[Result "1/2-1/2"]
[ECO "C96"]
[WhiteElo "2559"]
[BlackElo "2529"]
[Annotator "ChessBase"]
[PlyCount "34"]
[EventDate "2018.08.11"]
[EventType "swiss"]
[EventCountry "USA"]
[SourceTitle "playchess.com"]
[Source "ChessBase"]
[SourceQuality "1"]
[TimeControl "40/5400+30:1200+30"]

1. e4 e5 2. Nf3 Nc6 3. Bb5 a6 4. Ba4 Nf6 5. O-O Be7 6. Re1 b5 7. Bb3 d6 8. c3 O-O 9. h3 Na5 10. Bc2 c5 11. d4 Nd7 12. dxc5 dxc5 13. Nbd2 Bb7 14. Qe2 Qc7 15. Nf1 Nc4 16. Ng3 Nd6 17. Bd2 c4 1/2-1/2